 Dungeon Crawl Stone Soup version 0.29-a0-542-g075992c915 (webtiles) character file.

Game seed: 17031475194400577940

145 chopper the Ruffian (level 5, 52/52 HPs)
             Began as a Troll Monk on May 31, 2022.
             Quit the game on level 2 of the Dungeon on June 4, 2022.
             The game lasted 00:13:15 (2238 turns).

chopper the Ruffian (Troll Monk)                    Turns: 2238, Time: 00:13:16

Health: 52/52      AC:  4    Str: 21    XL:     5   Next: 6%
Magic:  4/4        EV: 10    Int:  6    God:
Gold:   206        SH:  0    Dex: 12    Spells: 4/4 levels left

rFire   . . .      SeeInvis .     - Unarmed
rCold   . . .      Faith    .   (no shield)
rNeg    . . .      Spirit   .   a - +0 robe
rPois   .          Reflect  .   (helmet restricted)
rElec   .          Harm     .   (no cloak)
rCorr   .          Rampage  .   (gloves unavailable)
Will    .....                   (boots unavailable)
Stlth   ++........              (no amulet)
HPRegen 0.97/turn               (no ring)
MPRegen 0.09/turn               (no ring)

@: no status effects
A: large, unfitting armour, claws 3, regeneration 1, shaggy fur 1, tough skin 1
a: no special abilities


You were on level 2 of the Dungeon.
You visited 1 branch of the dungeon, and saw 2 of its levels.

You collected 206 gold pieces.

Inventory:

Hand Weapons
 o - the +6 hunting sling of Ruination {vorpal, rPois rC+ Int-4}
   (You found it on level 2 of the Dungeon)

   Any ammunition fired from it inflicts extra damage upon your enemies.
   Int:       It affects your intelligence (-4).
   rC:        It protects you from cold.
   rPois:     It protects you from poison.
 q - a +1 spear of flaming
Armour
 a - a +0 robe (worn)
Scrolls
 c - 2 scrolls of teleportation {unknown}
 d - a scroll of amnesia {unknown}
 e - 2 scrolls of poison {unknown}
 f - a scroll of fear {unknown}
 g - 2 scrolls of magic mapping {unknown}
 i - 3 scrolls of fog {unknown}
 j - 3 scrolls of identify {unknown}
 l - a scroll of torment {unknown}
 n - a scroll of immolation {unknown}
Potions
 b - a potion of ambrosia
 h - a potion of degeneration {unknown}
 k - 3 potions of flight {unknown}
 m - a potion of cancellation {unknown}
 p - a potion of haste {unknown}


   Skills:
 + Level 2.9 Fighting
 + Level 3.2 Dodging
 + Level 1.4 Stealth
 + Level 4.4 Unarmed Combat


You had 4 spell levels left.
You didn't know any spells.
Your spell library contained the following spells:

 Spells                   Type           Power      Damage    Failure   Level
 Magic Dart               Conj           0%         1d3       45%         1
 Call Imp                 Summ           0%         N/A       58%         2
 Mephitic Cloud           Conj/Pois/Air  0%         N/A       83%         3


Dungeon Overview and Level Annotations

Branches:
Dungeon (2/15)

Altars:


Innate Abilities, Weirdness & Mutations

You are too large for most types of armour.
You have claws for hands.
Your natural rate of healing is unusually fast.
You are covered in fur. (AC +1)
You have tough skin. (AC +1)


Message History

You closely miss Robin.
Robin is heavily wounded.
Robin hits you with a +1 spear of flaming.
Robin burns you.
You barely miss Robin.
Robin is heavily wounded.
Robin hits you with a +1 spear of flaming.
Robin burns you.
* * * LOW HITPOINT WARNING * * *
You scratch Robin.
Robin is almost dead.
You barely miss Robin.
Robin is almost dead.
Robin hits you with a +1 spear of flaming.
* * * LOW HITPOINT WARNING * * *
Robin burns you.
* * * LOW HITPOINT WARNING * * *
You claw Robin!
You kill Robin!
You have reached level 5!
Items here: )) [[ †.
Okay, then.
Items here: )) [[ †.
q - a +1 spear of flaming Welcome back, chopper the Troll Monk.
Press ? for a list of commands and other information.
You are confused.
You feel invigorated.
You bump into the rock wall.
Items here: ) [[ †.
You bump into the rock wall.
Unknown command.
You feel less invigorated.
You feel less confused.
Items here: ) [[ †.
Save game and exit?
Welcome back, chopper the Troll Monk.
Press ? for a list of commands and other information.
Okay, then.
Are you sure you want to abandon this character and quit the game? (Confirm with "yes".)

#.####### #..... #........ .....#
#..###### ###..# #..# ### ###
####..# #####..# #... ..# #......
....#..##...# #.# #.##..#
###.......... #.# #.##..#
#.......... #.# #.###.##..#
#.......... ##@## #.........#
###.#...... #...## #####.#####
#.###...# #..?)# #.......# #.#
...# #...)# #...>...# ##'## ###
####.# #.......# ##...## #.#
#.......# ##.....## ####.#
#......<# ##.......## ##.##.#
#.......#
#.........####...#†#####.......##


There were no monsters in sight!

Vanquished Creatures
  Natasha (twice) (D:2)
  Robin (D:2)
  3 adders (D:2)
  3 worms (D:2)
  A dart slug (D:1)
  6 endoplasms
  3 giant cockroaches
  9 goblins
  3 hobgoblins
  3 quokkas (D:2)
  3 ball pythons
  6 bats
  5 rats
48 creatures vanquished.

Notes
Turn   | Place    | Note
-------+----------+-------------------------------------------
     0 | D:1      | chopper the Troll Monk began the quest for the Orb.
     0 | D:1      | Reached XP level 1. HP: 22/22 MP: 0/0
   414 | D:1      | Reached XP level 2. HP: 29/29 MP: 1/1
  1364 | D:2      | Reached XP level 3. HP: 36/36 MP: 2/2
  1551 | D:2      | Reached XP level 4. HP: 37/44 MP: 3/3
  1688 | D:2      | Noticed Natasha
  1696 | D:2      | Killed Natasha
  1697 | D:2      | Reached skill level 4 in Unarmed Combat
  1782 | D:2      | Noticed Natasha
  1787 | D:2      | Killed Natasha
  2056 | D:2      | Identified the +6 hunting sling of Ruination {vorpal, rPois
                  | rC+ Int-4}
  2201 | D:2      | Noticed Robin
  2222 | D:2      | Killed Robin
  2223 | D:2      | Reached XP level 5. HP: 15/52 MP: 4/4
  2229 | D:2      | Upgraded the game from 0.29-a0-517-gbdf32494f2 to
                  | 0.29-a0-520-gc852659d43
  2238 | D:2      | Upgraded the game from 0.29-a0-520-gc852659d43 to
                  | 0.29-a0-542-g075992c915
  2238 | D:2      | Quit the game

Illustrated notes

Levels and vault maps discovered:
D:1:      dpeg_arrival_leaves_temple_mockup, layout_basic
D:2:      layout_loops_corners, minmay_joined_circles, uniq_robin, uniq_natasha

Skill      XL: |  1  2  3  4 |
---------------+-------------+-----
Dodging        | 3 |  3.2
Unarmed Combat | 4 |  4.4
Fighting       | |  2.9
Stealth        | |  1.4

Action                   |  1- 3 |  4- 6 || total
-------------------------+-------+-------++-------
Melee: Unarmed           |    88 |    35 ||   123
       Punch             |       |     3 ||     3
  Use: Potion            |       |     1 ||     1
 Stab: Sleeping          |     3 |       ||     3
Armor: Robe              |    38 |     2 ||    40
Dodge: Dodged            |    59 |    11 ||    70

Table legend: (Time is in decaauts)
 A = Elapsed time spent in this place.
 B = Non-inter-level travel time spent in this place.
 C = Inter-level travel time spent in this place.
 D = Time resting spent in this place.
 E = Time spent auto-exploring this place.
 F = Levels seen in this place.
 G = Mean time per level.
                   A        B        C        D        E       F      G
               +--------+--------+--------+--------+--------+-----+--------+
         Total |   2229 |   2229 |      0 |      0 |      0 |   2 | 1114.5 |
       Dungeon |   2229 |   2229 |      0 |      0 |      0 |   2 | 1114.5 |
               +--------+--------+--------+--------+--------+-----+--------+

Top non-repeatable levels by time:
     D:2: 1167 daAuts
     D:1: 1062 daAuts
